 Dungeon Crawl Stone Soup version 0.28-a0-8-g6e044cfa68 (webtiles) character file.

Game seed: 1060872987543826976

14 Gargoyl the Skirmisher (level 2, 0/29 HPs)
             Began as a Gnoll Abyssal Knight on July 24, 2021.
             Was a Follower of Lugonu.
             Succumbed to a goblin's poison
             ... on level 1 of the Dungeon.
             The game lasted 00:01:00 (808 turns).

Gargoyl the Skirmisher (Gnoll Abyssal Knight)        Turns: 808, Time: 00:01:00

Health: 0/29       AC:  3    Str: 11    XL:     2   Next: 41%
Magic:  5/5        EV: 12    Int:  9    God:    Lugonu [*.....]
Gold:   27         SH:  0    Dex: 11    Spells: 1/1 levels left

rFire   . . .      SeeInvis .   a - +1 hand axe
rCold   . . .      Faith    .   (no shield)
rNeg    . . .      Spirit   .   b - +0 leather armour
rPois   .          Reflect  .   (no helmet)
rElec   .          Harm     .   (no cloak)
rCorr   .          Rampage  .   (no gloves)
Will    .....                   (no boots)
Stlth   +.........              (no amulet)
HPRegen 0.09/turn               (no ring)
MPRegen 0.09/turn               (no ring)

@: brilliant, lethally poisoned (0 -> -3)
A: fangs 1, strong nose, distributed training, dopey 1, evolution 1
a: Renounce Religion, Depart the Abyss


You were on level 1 of the Dungeon.
You worshipped Lugonu.
Lugonu was aware of your devotion.
You visited 1 branch of the dungeon, and saw 1 of its levels.
You visited the Abyss 1 time.

You collected 27 gold pieces.

Inventory:

Hand Weapons
 a - a +1 hand axe (weapon)
Armour
 b - a +0 leather armour (worn)
Scrolls
 d - a scroll of enchant armour {unknown}
 e - a scroll of amnesia {unknown}
 f - a scroll of vulnerability {unknown}
 g - a scroll of identify {unknown}


   Skills:
 + Level 6.5 Fighting
 + Level 0.4 Short Blades
 + Level 0.4 Long Blades
 + Level 4.5 Axes
 + Level 0.4 Maces & Flails
 + Level 0.4 Polearms
 + Level 0.4 Staves
 + Level 0.4 Slings
 + Level 0.4 Bows
 + Level 0.4 Crossbows
 + Level 0.4 Throwing
 + Level 4.5 Armour
 + Level 2.5 Dodging
 + Level 0.4 Stealth
 + Level 0.4 Shields
 + Level 0.4 Unarmed Combat
 + Level 0.4 Spellcasting
 + Level 0.2 Conjurations
 + Level 0.2 Hexes
 + Level 0.2 Summonings
 + Level 0.2 Necromancy
 + Level 0.2 Translocations
 + Level 0.2 Transmutations
 + Level 0.2 Fire Magic
 + Level 0.2 Ice Magic
 + Level 0.2 Air Magic
 + Level 0.2 Earth Magic
 + Level 0.2 Poison Magic
 + Level 4.5 Invocations
 + Level 0.4 Evocations


You had one spell level left.
You didn't know any spells.
Your spell library contained the following spells:

 Spells                   Type           Power      Damage    Failure   Level
 Gell's Gravitas          Tloc           0%         N/A       80%         3
 Teleport Other           Tloc           1%         N/A       80%         3
 Dispersal                Tloc           0%         N/A       100%        6


Dungeon Overview and Level Annotations

Branches:
Dungeon (1/15)

Altars:


Innate Abilities, Weirdness & Mutations

You have very sharp teeth.
Your uncanny sense of smell can sniff out nearby items.
Your experience applies equally to all skills.
You are dopey. (Int -2)
You evolve.


Message History

The goblin hits you with a +0 dagger of venom.
You are poisoned.
Found 12 gold pieces.
You hit the goblin.
The goblin is moderately wounded.
You feel sick.
The goblin hits you with a +0 dagger of venom.
You are more poisoned.
You hit the goblin.
You kill the goblin!
Lugonu accepts your kill.
You hit the goblin.
You feel very sick. The goblin closely misses you.
The goblin hits you with a +0 dagger.
You feel very sick. The goblin closely misses you.
You see here a +0 dagger of venom.
Unknown command.
You feel very sick. The goblin hits you with a +0 dagger.
* * * LOW HITPOINT WARNING * * *
You slash the goblin!
You kill the goblin!
Lugonu accepts your kill.
* * * LOW HITPOINT WARNING * * *
You feel sick.
It was a potion of brilliance.
You feel clever all of a sudden.
* * * LOW HITPOINT WARNING * * *
You feel sick.
Unknown command.
* * * LOW HITPOINT WARNING * * *
You feel sick.
Things that are here:
a +0 dagger; a goblin corpse
* * * LOW HITPOINT WARNING * * *
You feel sick.
* * * LOW HITPOINT WARNING * * *
You feel sick.
You die...

#.#.#.....#.#.#.### #...
#.#.#######.#.#.#####...
#.#.........#.#.#......>
#.###########.#.#####...
#.. .#.# #... ###
##+#######.# #...
...........# ####
#######.####
..##$@..##..#####
.......^..).......#
..........).....#.#
############.......
######..# #.. ##


There were no monsters in sight!

Vanquished Creatures
  2 bats (D:1)
  An endoplasm (D:1)
  A giant cockroach (D:1)
  3 goblins (D:1)
  5 ball pythons (D:1)
  A rat (D:1)
13 creatures vanquished.

Notes
Turn   | Place    | Note
-------+----------+-------------------------------------------
     0 | Abyss:1  | Gargoyl the Gnoll Abyssal Knight began the quest for the
                  | Orb.
     0 | Abyss:1  | Reached XP level 1. HP: 23/23 MP: 3/3
    52 | Abyss:1  | Noticed a large abomination
    93 | Abyss:1  | Noticed a swamp dragon zombie
   105 | Abyss:1  | Gained mutation: You evolve. [potion of mutation]
   105 | Abyss:1  | Gained mutation: You are dopey. (Int -2) [potion of
                  | mutation]
   115 | Abyss:1  | Noticed a starcursed mass
   117 | D:1      | Escaped the Abyss
   528 | D:1      | Reached * piety under Lugonu
   565 | D:1      | Reached XP level 2. HP: 23/29 MP: 5/5
   756 | D:1      | Found a faded altar of an unknown god.
   807 | D:1      | HP: 1/29 [poisoned by a goblin]
   808 | D:1      | Succumbed to a goblin's poison

Illustrated notes

Levels and vault maps discovered:
D:1:      matt_arrival_refuge, layout_rooms,
          shapermc_ecumenical_altar_mp_vishouse

Action                   || total
-------------------------++-------
Melee: Hand axe          ||    27
       Bite              ||     2
Invok: Depart the Abyss  ||     1
  Use: Potion            ||     2
       Scroll            ||     1
Armor: Leather armour    ||     2
Dodge: Dodged            ||    18

Table legend: (Time is in decaauts)
 A = Elapsed time spent in this place.
 B = Non-inter-level travel time spent in this place.
 C = Inter-level travel time spent in this place.
 D = Time resting spent in this place.
 E = Time spent auto-exploring this place.
 F = Levels seen in this place.
 G = Mean time per level.
                   A        B        C        D        E       F      G
               +--------+--------+--------+--------+--------+-----+--------+
         Total |    809 |    809 |      0 |      0 |    613 |   2 |  404.5 |
       Dungeon |    692 |    692 |      0 |      0 |    561 |   1 |  692.0 |
         Abyss |    117 |    117 |      0 |      0 |     52 |   1 |  117.0 |
               +--------+--------+--------+--------+--------+-----+--------+

Top non-repeatable levels by time:
     D:1: 692 daAuts
 Abyss:1: 117 daAuts
